[Event "FRA-ch Teams Top 16-B 2022"]
[Site "Chartres"]
[Date "2022.06.13"]
[Round "5.28"]
[White "Tregubov, Pavel V."]
[Black "Real, Thibault"]
[Result "1-0"]
[ECO "B52"]
[WhiteElo "2541"]
[BlackElo "2262"]
[Annotator "TA"]
[PlyCount "59"]
[EventDate "2022.06.09"]
[EventType "team-tourn"]
[EventCountry "FRA"]
[SourceTitle "playchess.com"]
[Source "ChessBase"]
[SourceQuality "1"]
[TimeControl "40/5400+30:1800+30"]

1. e4 c5 2. Nf3 d6 3. Bb5+ Bd7 4. Bxd7+ Qxd7 5. d4 cxd4 6. Qxd4 {[%emt 0:00:12] B52: Sicilian: Moscow Variation with 3...Bd7.} Nc6 7. Qd3 g6 8. O-O {[%emt 0:00:43] The position is equal.} Bg7 9. c4 Rc8 10. Nc3 Na5 (10... Nb4 $5 11. Qe2 Qc7 $11) 11. Nd2 $1 {[%emt 0:04:46] [#]} Qc6 $146 ({Predecessor:} 11... Nf6 12. b3 O-O 13. Bb2 a6 14. Rab1 e6 15. Rfd1 Rfd8 16. Na4 Qc7 17. Bd4 Nd7 18. Bxg7 Kxg7 19. Rbc1 {½-½ (19) Predojevic,B (2621)-Jankovic,A (2548) Prijedor 2015}) 12. Nb5 Qb6 13. Rb1 a6 14. Nc3 Qc6 {[%emt 0:02:00] Black is on the road to losing.} (14... Nc6 $14) 15. b3 $16 b5 {[%emt 0:00:00] [#]} ({Black should try} 15... e6) 16. Nd5 $1 bxc4 (16... Qb7 $16 17. Bb2 Bxb2) 17. bxc4 $18 Nxc4 $2 (17... Nf6 18. Bb2 Nb7 19. Bxf6 Bxf6) 18. Nxc4 Qxc4 19. Qxc4 Rxc4 20. Rb8+ Kd7 21. Nb6+ Kc7 22. Rc8+ ({And not} 22. Nxc4 Kxb8 23. Rd1 Nh6 $11) 22... Kxb6 23. Rxc4 {[%emt 0:00:00] [#] Intending Be3+ and mate.} Nf6 24. Be3+ Kb5 25. Rfc1 {[%emt 0:00:00] Threatening mate with a4+.} Ng4 26. a4+ Ka5 27. Bd2+ Kb6 28. h3 (28. Rc7 $142 Bc3 29. R1xc3 Ne5 30. a5+ Kb5 31. Rb7+ Ka4 32. Bc1 Nc4 33. Rxc4+ Kxa5 34. Bd2#) 28... Ne5 29. Rb1+ Ka7 30. Rc7+ {[%emt 0:00:00] Weighted Error Value: White=0.03 (flawless) /Black=1.07} 1-0

[Event "FRA-ch Teams Top 16-B 2022"]
[Site "Chartres"]
[Date "2022.06.13"]
[Round "5.29"]
[White "Hutois, Mickael"]
[Black "Delorme, Axel"]
[Result "0-1"]
[ECO "C68"]
[WhiteElo "2238"]
[BlackElo "2461"]
[Annotator "TA"]
[PlyCount "79"]
[EventDate "2022.06.09"]
[EventType "team-tourn"]
[EventCountry "FRA"]
[SourceTitle "playchess.com"]
[Source "ChessBase"]
[SourceQuality "1"]
[TimeControl "40/5400+30:1800+30"]

1. e4 e5 2. Nf3 Nc6 3. Bb5 a6 4. Bxc6 dxc6 5. O-O Qf6 6. d3 {[%emt 0:00:50] C68: Ruy Lopez: Exchange Variation, sidelines.} Ne7 7. Nbd2 c5 {[%emt 0:05:47] [#]} 8. b4 $146 (8. h3 $11) ({Predecessor:} 8. Nc4 Nc6 9. Ne3 Bd6 10. Nd5 Qd8 11. Nd2 O-O 12. Nc4 Be6 13. Nce3 Re8 14. Kh1 {0-1 (59) Mok,T (2373)-Morovic Fernandez,I (2554) Baku 2016}) 8... cxb4 $17 9. Bb2 Nc6 10. Nxe5 Nxe5 11. Nc4 {[%emt 0:00:08] [#]} Nf3+ 12. Qxf3 $15 Qxf3 13. gxf3 Be6 14. Ne3 c5 15. f4 f6 16. f5 Bf7 17. f4 O-O-O (17... c4 $5) 18. Kf2 c4 19. Nxc4 Bxc4 20. dxc4 Rd2+ 21. Ke3 Rxh2 {[%emt 0:07:13] White must now prevent ...Bc5+.} 22. Bd4 {[%emt 0:00:37] Against Bc5} Rxc2 23. Kd3 (23. e5 $11 {is more appropriate.}) 23... Rg2 (23... Rh2 $5 ) 24. Rg1 Rxg1 25. Rxg1 $11 {[%emt 0:00:05][%mdl 4096] Endgame KRB-KRB} h5 26. e5 fxe5 27. fxe5 {[%emt 0:04:22] Threatens to win with e6.} h4 28. e6 {[%emt 0:03:41] Hoping for f6.} h3 29. Ke4 (29. c5 $11) 29... Rh4+ $15 30. Kd5 Rh5 31. Ke4 Rh4+ (31... Kd8 $17) 32. Ke5 $2 (32. Kd5 $11 {and White is okay.}) 32... Be7 $19 ({And not} 32... h2 33. Rh1 $17) 33. Kd5 Rh7 (33... h2 $142 {( -> ...Rxd4+)} 34. Rh1 Bf6) 34. Be5 $17 a5 {[%emt 0:00:00] Strongly threatening ...a4.} 35. f6 $2 {[%emt 0:04:49][%mdl 8192] This costs White the game.} (35. Rh1 $17) 35... Bxf6 $19 {[%emt 0:00:00] aiming for ...Rh5. Black is clearly winning.} 36. Bxf6 {[%emt 0:00:19] [#]} (36. Bh2 $142) 36... h2 $1 (36... gxf6 37. Kd6 b6 38. e7 Rxe7 39. Kxe7 $18) 37. e7 Kd7 38. e8=Q+ Kxe8 39. Re1+ Kf7 40. Kd4 {[%emt 0:02:08] Weighted Error Value: White=0.89/Black=0.12 (very precise)} 0-1

[Event "FRA-ch Teams Top 16-B 2022"]
[Site "Chartres"]
[Date "2022.06.13"]
[Round "5.30"]
[White "Libiszewski, Fabien"]
[Black "De Pierrefeu, Thibaut"]
[Result "1/2-1/2"]
[ECO "C77"]
[WhiteElo "2514"]
[BlackElo "2181"]
[Annotator "TA"]
[PlyCount "143"]
[EventDate "2022.06.09"]
[EventType "team-tourn"]
[EventCountry "FRA"]
[SourceTitle "playchess.com"]
[Source "ChessBase"]
[SourceQuality "1"]
[TimeControl "40/5400+30:1800+30"]

1. e4 e5 2. Nf3 Nc6 3. Bb5 a6 4. Ba4 Nf6 5. Nc3 b5 6. Bb3 Be7 7. a4 $1 {[%emt 0:01:05][%mdl 4] is recently more successful than 7.d3. C77: Ruy Lopez: 3...a6 4 Ba4 Nf6, unusual lines.} Nd4 ({Black should play} 7... b4 $11 8. Nd5 d6) 8. axb5 $14 ({Much weaker is} 8. Nxe5 Nxb3 9. cxb3 b4 $11) 8... Nxb3 9. cxb3 {[%emt 0:00:04] [#] White is slightly better.} d5 $146 ({Predecessor:} 9... d6 10. d4 Nd7 11. O-O Bb7 12. bxa6 Bxa6 13. Re1 c6 14. Be3 O-O 15. Qc2 f6 {1-0 (26) Shevchenko,K (2592)-Schitco,I (2467) Tornelo INT 2020}) 10. Nxe5 {[%emt 0:06:12] And now Nc6 would win.} dxe4 11. Qe2 Qd6 12. Nc6 Qd3 13. Qxd3 exd3 14. O-O {[%emt 0:00:09] Hoping for Re1.} Bd6 15. Re1+ Kd7 16. Ne5+ Bxe5 17. Rxe5 Re8 18. Rxe8 Kxe8 19. f3 Bb7 20. bxa6 Rxa6 21. Ra4 Kd7 22. Kf2 c5 23. b4 c4 24. Rxa6 Bxa6 {[%emt 0:00:01][%mdl 4096] Endgame KBN-KBN} 25. b5 Bc8 26. Ke3 Kc7 27. Kd4 Be6 28. Na4 Nd7 29. Nc5 Nxc5 30. Kxc5 {[%emt 0:00:01] KB-KB} h5 31. h4 Kb7 32. b3 cxb3 33. Bb2 g6 34. Kb4 Bd7 35. Bd4 Be6 36. Kc3 Kc7 37. Kxd3 Kd6 38. Kc3 Bd5 39. Kb4 Be6 40. Bf6 Bd5 41. Bd4 Be6 $1 42. Kc3 ({White should try} 42. Bb2 $14) 42... Bd7 (42... Bd5 $11) 43. Kc4 Be6+ 44. Kb4 $1 Kd5 45. Bb2 Kd6 46. Ba3 Bd5 47. Ka5+ Kc7 48. d3 Kb7 49. Kb4 Kb6 50. Bb2 Be6 $1 51. Bd4+ Kb7 52. Bc3 Kb6 53. Bb2 Bf5 54. Bd4+ Kb7 55. Kc4 Be6+ 56. Kc3 Bd7 57. Kc4 Be6+ $1 58. Kb4 (58. Kc5 $11) 58... Bf5 $1 59. Kxb3 Bxd3 60. Kb4 Bf1 61. g3 Be2 62. f4 Bg4 63. Kc5 Bd7 64. b6 Bg4 65. Kd6 f5 ({Better is} 65... Bc8 $14) 66. Ke6 $16 {[%emt 0:00:00] White is better.} Kc6 67. Kf6 Kb7 68. Kxg6 Kc6 69. Kf6 Kb7 70. Ke7 Bf3 71. Ke6 Bg4 72. Bf2 {[%emt 0:00:00] Weighted Error Value: White=0.07 (flawless) /Black=0.06 (flawless)} 1/2-1/2

[Event "FRA-ch Teams Top 16-B 2022"]
[Site "Chartres"]
[Date "2022.06.13"]
[Round "5.31"]
[White "Le Pen, Steven"]
[Black "Harutyunyan, Ruben"]
[Result "0-1"]
[ECO "C68"]
[WhiteElo "2090"]
[BlackElo "2381"]
[Annotator "TA"]
[PlyCount "68"]
[EventDate "2022.06.09"]
[EventType "team-tourn"]
[EventCountry "FRA"]
[SourceTitle "playchess.com"]
[Source "ChessBase"]
[SourceQuality "1"]
[TimeControl "40/5400+30:1800+30"]

1. e4 e5 2. Nf3 Nc6 3. Bb5 a6 4. Bxc6 dxc6 5. O-O Bg4 6. h3 Bh5 7. g4 Bg6 8. Nxe5 Qh4 9. Qf3 Bd6 10. Nxg6 hxg6 11. Kg2 {[%emt 0:01:58][%cal Oe4e5] C68: Ruy Lopez: Exchange Variation, sidelines.} (11. e5 $5 Bc5 12. c3 $14) 11... Bf4 {[%emt 0:02:00][%cal Og8e7] [#]} 12. Nc3 (12. d3 $1 $16 Bxc1 13. Rxc1) 12... Ne7 13. Ne2 {[%emt 0:07:42] White has an edge.} (13. Rh1 $5 g5 14. d4 $14) 13... g5 14. d4 Ng6 15. Bxf4 gxf4 16. Rh1 Qg5 {[%emt 0:03:27] ...Nh4+ is the strong threat.} 17. Kf1 O-O-O 18. Rd1 {[%emt 0:01:55] [#]} Rd6 $146 ({Predecessor:} 18... c5 19. c3 Rd6 20. Rc1 Rf6 21. e5 Re6 22. Re1 Rb6 23. b3 cxd4 24. cxd4 Rc6 {1-0 (41) Slingerland,F (2415)-Hajdarevic,S (2143) Sarajevo 2011}) 19. h4 (19. Qc3 $14) 19... Rxh4 $15 20. Rxh4 Qxh4 21. Nxf4 Nxf4 22. Qxf4 {[%emt 0:00:07][%mdl 4096] Endgame KQR-KQR} Rf6 {[%emt 0:00:07][%mdl 64] [#] Deflection} 23. Qe3 Qxg4 24. Rd3 Rf4 ({Don't play} 24... Rg6 25. Qh3 $11) 25. f3 Qh3+ 26. Ke2 Qh2+ 27. Qf2 Qh5 {[%emt 0:00:05] And now ...Rxe4+ would win.} 28. Qe3 Rh4 29. Rb3 $2 {[%emt 0:01:10][%mdl 8192] Loses the game.} (29. a3 $15) 29... Rh2+ $19 ({Weaker is} 29... Rh1 30. Kd3 $17) 30. Kd3 Qh3 31. c4 (31. Qe1 $19 Qxf3+ 32. Kc4 Rxc2+ 33. Kb4) 31... Qg2 {[%emt 0:01:47][%csl Gh2][%cal Rg2c2] Black mates.} 32. Kc3 a5 33. d5 c5 34. Qd3 Rh3 {[%emt 0:38:03] Weighted Error Value: White=0.71/Black=0.06 (flawless)} (34... Qf2 $142 35. Rb5 a4 36. Qd1 Qe3+ 37. Qd3 Qe1+ 38. Qd2 Qxd2#) 0-1

[Event "FRA-ch Teams Top 16-B 2022"]
[Site "Chartres"]
[Date "2022.06.13"]
[Round "5.32"]
[White "Benmesbah, Natacha"]
[Black "Ruhlmann, Helene"]
[Result "1-0"]
[ECO "B40"]
[WhiteElo "2251"]
[BlackElo "1779"]
[Annotator "NA RC"]
[PlyCount "21"]
[EventDate "2022.06.09"]
[EventType "team-tourn"]
[EventCountry "FRA"]
[SourceTitle "playchess.com"]
[Source "ChessBase"]
[SourceQuality "1"]
[TimeControl "40/5400+30:1800+30"]

1. e4 c5 2. Nf3 e6 3. b3 b6 4. Bd3 Nc6 5. O-O Nb4 6. Bc4 d5 7. exd5 exd5 8. Bb5+ Bd7 9. Qe2+ Be7 10. Ne5 Bxb5 11. Qxb5+ 1-0

[Event "FRA-ch Teams Top 16-B 2022"]
[Site "Chartres"]
[Date "2022.06.14"]
[Round "6.1"]
[White "Vachier-Lagrave, Maxime"]
[Black "Gharamian, Tigran"]
[Result "1/2-1/2"]
[ECO "B12"]
[WhiteElo "2750"]
[BlackElo "2602"]
[Annotator "TA"]
[PlyCount "65"]
[EventDate "2022.06.09"]
[EventType "team-tourn"]
[EventCountry "FRA"]
[SourceTitle "playchess.com"]
[Source "ChessBase"]
[SourceQuality "1"]
[TimeControl "40/5400+30:1800+30"]

1. e4 c6 2. d4 d5 3. e5 Bf5 4. Nf3 e6 5. Be2 Ne7 6. O-O c5 7. c4 Nbc6 8. dxc5 {[%emt 0:00:06] B12: Caro-Kann: Advance Variation.} dxc4 9. Bxc4 Ng6 10. Be3 {[%emt 0:00:53] White is slightly better.} Be7 11. Nc3 O-O 12. Be2 {[%emt 0:00:37] [#]} Qa5 $5 $146 {[%emt 0:01:30][%mdl 8] New and interesting.} ({Predecessor:} 12... Qb8 13. Nd2 Rd8 14. f4 Nb4 15. Rc1 b6 16. c6 Nxc6 17. Bf3 Qb7 18. Nb5 Rac8 {1-0 (42) Harikrishna,P (2729)-Mamedyarov,S (2817) Kolkata 2018}) 13. a3 ({White should play} 13. Nb5 $1 $14) 13... Rad8 $11 {[%emt 0:33:17][%mdl 1024] Black has compensation.} 14. Qe1 a6 {[%emt 0:00:11] Inhibits Nb5.} 15. h3 Qc7 16. g4 Bd3 17. Bxd3 $1 Rxd3 18. Qe2 $1 Rdd8 (18... Ngxe5 $2 19. Nxe5 Rxe3 20. Qxe3 $18) 19. Rad1 Ncxe5 20. Nxe5 Qxe5 21. Qc4 {[%emt 0:09:19] [#]} ({White should try} 21. Rxd8 $15 Rxd8 22. Qc4) 21... Rc8 $1 $17 22. Qe4 Bxc5 23. Bxc5 Qxc5 24. Qxb7 Rb8 25. Qf3 Rb3 ({Don't take} 25... Rxb2 26. Na4 Qe5 27. Nxb2 Qxb2 28. Rb1 $16) 26. Rfe1 Qb6 (26... Rxb2 27. Na4 Qc2 28. Nxb2 Qxb2 29. Rb1 $16) 27. Re3 Qb8 ({Don't play} 27... Rxb2 28. Na4 Qb8 29. Nxb2 Qxb2 30. Rb3 $16) 28. Na4 Rxe3 29. Qxe3 Qb5 30. b3 Ne7 31. Nb6 h6 32. b4 a5 33. bxa5 {[%emt 0:04:07] Weighted Error Value: White=0.10 (very precise) /Black=0.06 (flawless)} (33. Qd4 $11) 1/2-1/2

[Event "FRA-ch Teams Top 16-B 2022"]
[Site "Chartres"]
[Date "2022.06.14"]
[Round "6.2"]
[White "Van Foreest, Jorden"]
[Black "Moussard, Jules"]
[Result "0-1"]
[ECO "B92"]
[WhiteElo "2715"]
[BlackElo "2651"]
[Annotator "TA"]
[PlyCount "104"]
[EventDate "2022.06.09"]
[EventType "team-tourn"]
[EventCountry "FRA"]
[SourceTitle "playchess.com"]
[Source "ChessBase"]
[SourceQuality "1"]
[TimeControl "40/5400+30:1800+30"]

1. e4 c5 2. Nf3 d6 3. d4 cxd4 4. Nxd4 Nf6 5. Nc3 a6 6. Be2 e5 7. Nb3 Be7 8. O-O O-O 9. Qd3 Be6 10. Rd1 {[%emt 0:00:00] B92: Sicilian Najdorf: 6 Be2.} Nbd7 11. Nd5 Bxd5 12. exd5 {[%emt 0:00:00] The position is equal.} Rc8 {[%emt 0:00:17] [#]} 13. a4 $146 ({Predecessor:} 13. c4 Ne8 14. Bd2 b6 15. Bg4 g6 16. Bxd7 Qxd7 17. Be3 Qd8 18. Nd2 a5 19. a3 {½-½ (55) Grinberg,E (2492)-Beukes,D (2138) Dulles 2022}) 13... Ne8 14. a5 Bg5 15. c4 Bxc1 16. Nxc1 Nef6 17. b4 e4 18. Qd4 Re8 19. Ra3 h5 20. h3 Re5 21. Re3 Nf8 22. Na2 (22. Bf1 $14) 22... Ng6 $11 23. Nc3 Nh4 24. g4 $1 {[%emt 0:00:00] Prevents Nf5.} (24. Nxe4 $2 Nf5 25. Nxf6+ Qxf6 $19) 24... hxg4 {[%emt 0:00:30] And now ...Nf5 would win.} 25. hxg4 (25. Nxe4 $11 Rxe4 26. Rxe4) 25... Qe7 ({Black should try} 25... Nf3+ $1 $17 26. Bxf3 exf3 27. Rxf3 Nxg4) 26. c5 dxc5 (26... Re8 $5 ) 27. bxc5 Ng6 28. c6 (28. d6 $14 Qe6 29. Kf1) 28... bxc6 $15 29. dxc6 Rxc6 30. Qd8+ Qf8 $1 31. Qxf8+ Kxf8 32. Rd8+ Ke7 33. Ra8 Nf4 $36 {[%emt 0:08:56][%cal Oc6c3][%mdl 2048] ...Rxc3! is the strong threat. Black is in control.} ({Reject} 33... Rxa5 $6 34. Ra7+ Kd6 35. Rxf7 $11 (35. Nxe4+ Nxe4 36. Rxe4 Ra1+ 37. Kh2 Rcc1 $11)) 34. Bf3 {[%emt 0:00:00] [#]} (34. Ra7+ $17 Ke6 35. Bd1) 34... Rxa5 (34... Nh3+ $1 $19 35. Kf1 Ng5) 35. Nxe4 $17 Ra1+ 36. Kh2 {[%emt 0:00:00] Threatens to win with Nxf6+.} N6d5 {[%emt 0:01:18] ( -> ...Rh6+). Black is more active.} 37. Nd2+ (37. Nc5+ $17 Nxe3 38. Bxc6 Nf1+ 39. Kh1) 37... Nxe3 $19 {[%emt 0:01:44] The board is on fire. Pair of Knights!} 38. Bxc6 Nxg4+ 39. Kg3 Ne5 40. Ra7+ Ke6 41. Bb7 {[%emt 0:36:08] Strongly threatening Bc8+.} Ne2+ 42. Kh2 a5 43. Nb3 {[%emt 0:00:00] [#]} Rf1 44. Kg2 Rg1+ 45. Kh3 Nd3 ({Worse is} 45... Nf4+ 46. Kh2 Rf1 47. Rxa5) 46. Rxa5 $2 (46. Bf3 Nxf2+ 47. Kh2 Ng4+ 48. Bxg4+ Rxg4 49. Ra6+ Ke7 50. Ra7+ Kd6 51. Ra6+ Ke7 52. Ra7+ Kf6 53. Rxa5) 46... Nxf2+ 47. Kh2 Ng4+ 48. Kh3 Nf4+ ({And not} 48... Rg3+ 49. Kh4 $11) 49. Kh4 Ne5 50. Nd4+ Kd6 51. Nf5+ Kc7 52. Ng3 Nfg6+ {[%emt 0:00:00] Weighted Error Value: White=0.43/Black=0.09 (flawless)} (52... Kxb7 $142 53. Rxe5 Ng6+ 54. Kh3 Nxe5 55. Ne2 Rg4 56. Nc3 Kc6 57. Nb1 f5 58. Nd2 f4 59. Kh2 f3 60. Kh1 f2 61. Kh2 g5 62. Nf1 Rg1 63. Kh3 Nf3 64. Ng3 f1=Q+ 65. Kg4 Ne5+ 66. Kh5 Qf6 67. Ne4 Qh8#) 0-1

[Event "FRA-ch Teams Top 16-B 2022"]
[Site "Chartres"]
[Date "2022.06.14"]
[Round "6.3"]
[White "Alekseenko, Kirill"]
[Black "Vocaturo, Daniele"]
[Result "1/2-1/2"]
[ECO "C43"]
[WhiteElo "2698"]
[BlackElo "2608"]
[Annotator "TA"]
[PlyCount "35"]
[EventDate "2022.06.09"]
[EventType "team-tourn"]
[EventCountry "FRA"]
[SourceTitle "playchess.com"]
[Source "ChessBase"]
[SourceQuality "1"]
[TimeControl "40/5400+30:1800+30"]

1. e4 e5 2. Nf3 Nf6 3. d4 Nxe4 4. Bd3 Nc6 5. dxe5 Nc5 {[%emt 0:00:39] The position is equal.} 6. O-O {[%emt 0:05:58] C43: Petroff Defence: 3 d4.} Nxd3 7. Qxd3 d6 {[%emt 0:00:08] has lost popularity (7...Be7).} 8. exd6 Qxd6 ({Don't take} 8... Be6 9. dxc7 Qxd3 10. cxd3 $14) 9. Qe4+ Qe7 10. Qf4 Be6 11. Rd1 {[%emt 0:02:17] [#]} h6 $146 ({Predecessor:} 11... Rd8 12. Re1 h6 13. Nc3 g5 14. Qg3 Bg7 15. Ne4 O-O 16. Be3 b6 17. Nexg5 hxg5 18. Bxg5 {0-1 (57) Vocaturo,D (2600)-Vallejo Pons,F (2711) Germany 2017}) 12. Nc3 {[%emt 0:06:54] Strongly threatening Nb5.} g5 13. Qa4 Qb4 (13... Bg7 {seems wilder.} 14. h4 gxh4 15. Nd5 Bxd5 16. Rxd5 Qb4) 14. Qxb4 Bxb4 15. Nb5 Rc8 16. Be3 a6 17. Nbd4 Nxd4 18. Nxd4 {[%emt 0:01:18] A balanced but interesting game.  Weighted Error Value: White=0.01 (flawless) /Black=0.02 (flawless)} 1/2-1/2

[Event "FRA-ch Teams Top 16-B 2022"]
[Site "Chartres"]
[Date "2022.06.14"]
[Round "6.4"]
[White "Amin, Bassem"]
[Black "Movsesian, Sergei"]
[Result "0-1"]
[ECO "A08"]
[WhiteElo "2686"]
[BlackElo "2600"]
[Annotator "TA"]
[PlyCount "76"]
[EventDate "2022.06.09"]
[EventType "team-tourn"]
[EventCountry "FRA"]
[SourceTitle "playchess.com"]
[Source "ChessBase"]
[SourceQuality "1"]
[TimeControl "40/5400+30:1800+30"]

1. e4 c5 2. Nf3 e6 3. d3 Nc6 4. g3 d5 5. Nbd2 Bd6 6. Bg2 Nge7 7. O-O O-O 8. Re1 Bc7 9. c3 b6 10. e5 Ba6 {[%emt 0:01:03] A08: King's Indian Attack.} 11. d4 cxd4 12. cxd4 Bd3 {[%emt 0:00:36] [#] The position is equal.} 13. Bf1 $146 ({Predecessor:} 13. Nf1 Be4 14. h4 b5 15. Bh3 Bxf3 16. Qxf3 Nxd4 17. Qd3 Ndc6 18. Bf4 Ng6 19. Qc3 Nxf4 20. gxf4 Qxh4 21. Qxc6 {0-1 (31) Kratochvil,J (2300)-Zpevak,P (2345) Kouty nad Desnou 2018}) 13... Bg6 14. a3 a6 15. b4 b5 16. Nb3 h6 17. Nh4 Bh7 18. Bd3 Bxd3 19. Qxd3 Bb6 20. Be3 Qd7 21. Rac1 Rfc8 22. f4 a5 23. Nc5 $1 Bxc5 (23... Qa7 $5 ) 24. bxc5 b4 25. a4 $1 b3 26. Qxb3 Rcb8 $36 {[%emt 0:00:23][%mdl 2048] Black is more active.} 27. Qd3 Rb4 28. g4 Rab8 29. Kh1 Rxa4 30. Rg1 (30. f5 $11 {keeps the balance.}) 30... Rb2 $17 31. Qa6 (31. Rgd1 $17) 31... Qc8 $19 ({Stronger than} 31... Nxd4 32. Bxd4 Rxd4 33. Qd6) 32. Qd3 Raa2 {[%emt 0:01:55][%csl Ga2][%cal Rb2h2] [#]} 33. Rg2 Qb7 {[%emt 0:00:38][%cal Oe7g6] White must now prevent ...Ng6!} 34. Rd1 $2 (34. Bd2) 34... Ng6 {[%emt 0:03:07] Black is clearly winning.} 35. Rxb2 (35. Bc1 $142 Nxh4 36. Rxb2 Rxb2 37. Bxb2 Qxb2 38. Qd2 Qxd2 39. Rxd2) 35... Qxb2 36. Rd2 Ra1+ 37. Kg2 Nxh4+ {[%emt 0:00:20] Pair of Knights!} 38. Kh3 Ra3 {[%emt 0:00:26] Weighted Error Value: White=0.35/Black=0.07 (flawless)} 0-1

[Event "FRA-ch Teams Top 16-B 2022"]
[Site "Chartres"]
[Date "2022.06.14"]
[Round "6.5"]
[White "Esipenko, Andrey"]
[Black "Tregubov, Pavel V."]
[Result "1-0"]
[ECO "E33"]
[WhiteElo "2709"]
[BlackElo "2541"]
[Annotator "TA"]
[PlyCount "83"]
[EventDate "2022.06.09"]
[EventType "team-tourn"]
[EventCountry "FRA"]
[SourceTitle "playchess.com"]
[Source "ChessBase"]
[SourceQuality "1"]
[TimeControl "40/5400+30:1800+30"]

1. d4 Nf6 2. c4 e6 3. Nf3 Nc6 4. Nc3 Bb4 5. Qc2 d6 6. Bd2 O-O 7. a3 Bxc3 8. Bxc3 Qe7 9. e3 e5 {[%emt 0:00:53] 9...e5 is better than 9...a5.} 10. d5 {[%emt 0:01:05] E33: Nimzo-Indian: Classical: 4...Nc6.} Nb8 11. Nd2 a5 12. b3 {[%emt 0:02:51] [#] White is slightly better.} b5 $146 ({Predecessor:} 12... c6 13. dxc6 Nxc6 14. Bd3 Be6 15. O-O d5 16. cxd5 Bxd5 17. Rfd1 Rac8 {½-½ (17) Wagner,D (2580)-Nisipeanu,L (2670) Skopje 2019}) 13. Be2 bxc4 14. bxc4 Nbd7 15. Nb3 a4 16. Nd2 Nc5 17. O-O Bd7 18. Bb4 Na6 19. Rfb1 Rfb8 20. e4 Be8 21. Qd3 Nd7 22. Bd1 Ndc5 23. Qe3 Rb7 (23... Qh4 {with more complications.} 24. Bc2 Bd7 25. Bc3 f6) 24. Bc3 Rab8 25. Rxb7 Rxb7 26. Bc2 f6 27. Nf1 Nb3 {[%emt 0:03:01] Pair of Knights!} 28. Rd1 Nac5 29. Ng3 Rb8 30. h3 Qf8 31. Rf1 Bg6 32. h4 Qe8 33. f4 exf4 34. Rxf4 h5 $2 {[%emt 0:02:02] [#]} (34... Nd7 $11) 35. Bxf6 $1 $18 gxf6 (35... Nd7 $142 36. Bc3 Ne5) 36. Rxf6 {[%emt 0:00:04] Qg5 is the strong threat.} Nd7 $2 {[%emt 0:00:20] [#]} (36... Qe5 37. Rxg6+ Kf7) 37. Nxh5 $1 {[%emt 0:01:31][%mdl 512] White is clearly winning.} Nf8 {[%emt 0:02:32] [#] White must now prevent ...Qe5.} (37... Ne5 38. Qg5) 38. Qh6 $1 Bxh5 39. e5 $1 {[%emt 0:00:03][%cal Of6f8] White threatens Rxf8+! and mate.} Qe7 40. Qxh5 {[%emt 0:01:42] And now Bg6 would win.} Nd4 41. Qg4+ Qg7 42. Qxd4 {[%emt 0:00:00] Weighted Error Value: White=0.06 (flawless) /Black=0.31} 1-0

[Event "FRA-ch Teams Top 16-B 2022"]
[Site "Chartres"]
[Date "2022.06.14"]
[Round "6.6"]
[White "Kosteniuk, Alexandra"]
[Black "Degraeve, Jean-Marc"]
[Result "1/2-1/2"]
[ECO "B06"]
[WhiteElo "2513"]
[BlackElo "2520"]
[Annotator "RC"]
[PlyCount "80"]
[EventDate "2022.06.09"]
[EventType "team-tourn"]
[EventCountry "FRA"]
[SourceTitle "playchess.com"]
[Source "ChessBase"]
[SourceQuality "1"]
[TimeControl "40/5400+30:1800+30"]

1. e4 c5 2. Nf3 g6 3. c3 d5 4. exd5 Qxd5 5. d4 Bg7 6. Nbd2 cxd4 7. Bc4 Qd8 8. Nxd4 Nf6 9. O-O O-O 10. N2f3 Qc7 11. Qe2 a6 12. a4 Nc6 13. Nxc6 Qxc6 14. Ne5 Qe4 15. Re1 Qxe2 16. Rxe2 e6 17. Be3 Nd5 18. Bc5 Re8 19. a5 f6 20. Nd3 Bd7 21. Rae1 Kh8 22. g3 Rac8 23. Bb3 Rcd8 24. c4 Nc7 25. Bb6 Rc8 26. Nc5 Bc6 27. Bxc7 Rxc7 28. Nxe6 Rce7 29. Bd1 Bh6 30. Nd4 Rxe2 31. Bxe2 Bd2 32. Rd1 Bxa5 33. Nxc6 bxc6 34. Kf1 Bb4 35. Bf3 Re6 36. Rd7 a5 37. h4 Re1+ 38. Kg2 Rb1 39. h5 gxh5 40. Rxh7+ Kxh7 1/2-1/2

[Event "FRA-ch Teams Top 16-B 2022"]
[Site "Chartres"]
[Date "2022.06.14"]
[Round "6.7"]
[White "Gozzoli, Yannick"]
[Black "Hamdouchi, Hicham"]
[Result "1/2-1/2"]
[ECO "E94"]
[WhiteElo "2591"]
[BlackElo "2536"]
[Annotator "RC"]
[PlyCount "67"]
[EventDate "2022.06.09"]
[EventType "team-tourn"]
[EventCountry "FRA"]
[SourceTitle "playchess.com"]
[Source "ChessBase"]
[SourceQuality "1"]
[TimeControl "40/5400+30:1800+30"]

1. d4 Nf6 2. c4 d6 3. Nf3 Nbd7 4. Nc3 e5 5. e4 g6 6. Be2 Bg7 7. O-O O-O 8. Be3 exd4 9. Nxd4 Re8 10. f3 c6 11. Qc2 a6 12. Rad1 Qc7 13. Bf2 Ne5 14. Kh1 c5 15. Nb3 Be6 16. f4 Nxc4 17. f5 Nxb2 18. fxe6 Nxd1 19. exf7+ Qxf7 20. Rxd1 Qe6 21. Bf3 Rac8 22. Bg3 Rcd8 23. h3 b5 24. Nd2 Kh8 25. a4 g5 26. Nd5 Nxd5 27. exd5 Qg6 28. Be4 Qh5 29. Bf3 Qg6 30. Be4 Qh5 31. Bf3 g4 32. Bxg4 Qxd5 33. Bh4 Rb8 34. Bf3 1/2-1/2

[Event "FRA-ch Teams Top 16-B 2022"]
[Site "Chartres"]
[Date "2022.06.14"]
[Round "6.8"]
[White "Benmesbah, Natacha"]
[Black "Guichard, Pauline"]
[Result "1/2-1/2"]
[ECO "C58"]
[WhiteElo "2251"]
[BlackElo "2377"]
[Annotator "RC"]
[PlyCount "75"]
[EventDate "2022.06.09"]
[EventType "team-tourn"]
[EventCountry "FRA"]
[SourceTitle "playchess.com"]
[Source "ChessBase"]
[SourceQuality "1"]
[TimeControl "40/5400+30:1800+30"]

1. e4 e5 2. Nf3 Nc6 3. Bc4 Nf6 4. Ng5 d5 5. exd5 Na5 6. Bb5+ c6 7. dxc6 bxc6 8. Bd3 Nd5 9. Nf3 Bd6 10. Nc3 f5 11. Nxd5 cxd5 12. b4 Nc6 13. Bb5 Bb7 14. Bb2 O-O 15. Bxc6 Bxc6 16. Nxe5 Re8 17. d4 Bxb4+ 18. c3 Bd6 19. O-O Bxe5 20. dxe5 Rxe5 21. Bc1 Bb5 22. Re1 Ba4 23. Qd2 Rxe1+ 24. Qxe1 Qd6 25. Be3 f4 26. Bd4 f3 27. Qe5 Qxe5 28. Bxe5 fxg2 29. Bd4 Bc2 30. Kxg2 a5 31. Re1 Kf7 32. Re2 Bf5 33. Rb2 g5 34. Rb7+ Kg6 35. Rb6+ Kh5 36. f3 Bd3 37. Bg7 Ra6 38. Rxa6 1/2-1/2